cohdb
Replays
Latest Replays
All Replays
Popular Replays
Top Player Replays
Match Explorer
How It Works
Community
CoH3 Stats
Reddit
Sign in to upload your games and track your stats! →
Sign in with Steam
Match 42317431
Unlisted
Match 42317431
Overview
Messages
Build Orders
End
Panzergrenadier Squad
250 Light Carrier
Panzergrenadier Squad
Panzergrenadier Squad
Construct Light Support Kompanie
Fire Support Elements
Flakvierling Half-track
2.5-tonne Medical Truck
Pak 38 Anti-tank Gun Team
Construct Mechanized Kompanie
Veteran Squad Leaders
254 Reconnaissance Tractor
Panzerjäger Mechanized Group
Pak 38 Anti-tank Gun Team
KRIMZ
Strange
CptCrapule
ramiraiise
mp5
Dawes
Code: R9
Whitent
0
0
Comments
sign in to comment!
No comments posted yet!